 Dungeon Sprint DCSS version 0.19.5 (webtiles) character file.

2529 dwjmeijer the Unseen (level 9, -1/39 HPs)
             Began as a Spriggan Enchanter on Apr 24, 2017.
             Was a Follower of Nemelex Xobeh.
             Shot with an arrow by a centaur warrior (16 damage)
             ... in the Dungeon (Sprint I: "Red Sonja").
             The game lasted 00:04:00 (564 turns).

dwjmeijer the Unseen (Spriggan Enchanter)            Turns: 564, Time: 00:04:01

Health: -1/39      AC:  4    Str:  4    XL:     9   Next: 29%
Magic:  24/24      EV: 17    Int: 17    God:    Nemelex Xobeh [*.....]
Gold:   648        SH:  0    Dex: 19    Spells: 4 memorised, 19 levels left

rFire  + . .     SeeInvis +     a - +1 dagger
rCold  . . .     Gourm    .     m - +0 troll leather armour
rNeg   . . .     Faith    .     (shield restricted)
rPois  .         Spirit   .     (helmet restricted)
rElec  .         Reflect  .     (no cloak)
rCorr  .         Harm     .     (gloves unavailable)
MR     +....     NoTele   +     (boots unavailable)
Stlth  ++++......               (no amulet)
                                (no ring)
                                p - ring of protection from fire

@: very quick
A: unfitting armour, see invisible, herbivore 3, speed 3, slow metabolism 2
a: Renounce Religion


You were in the Dungeon.
You worshipped Nemelex Xobeh.
Nemelex Xobeh was aware of your devotion.
You were not hungry.

You visited 1 branch You collected 648 gold pieces.

Inventory:

Hand Weapons
 a - a +1 dagger (weapon)
Armour
 b - a +1 robe
 m - a +0 troll leather armour (worn)
Jewellery
 p - a ring of protection from fire (left hand)
Scrolls
 n - a scroll of fear {unknown}
 o - a scroll of amnesia {unknown}
Potions
 e - a potion of curing
 f - 2 potions of heal wounds
 g - a potion of haste
 h - 2 potions of magic
 i - a potion of berserk rage
Books
 c - a book of Maledictions

   Spells                             Type                      Level
   a - Corona                         Hexes                        1
   b - Ensorcelled Hibernation        Hexes/Ice                    2
   c - Confuse                        Hexes                        3
   d - Tukima's Dance                 Hexes                        3
   e - Dazzling Spray                 Conjuration/Hexes            3
Miscellaneous
 k - an ornate deck of escape
Comestibles
 d - a bread ration
 l - a slice of pizza


   Skills:
 - Level 1.1 Short Blades
 - Level 3.0 Dodging
 + Level 18.0 Stealth
 - Level 10.2 Spellcasting
 + Level 14.6 Hexes
 + Level 9.3 Invocations


You had 19 spell levels left.
You knew the following spells:

 Your Spells              Type           Power        Failure   Level  Hunger
a - Corona                Hex            ######.      1%          1    None
b - Ensorcelled Hibernat  Hex/Ice        ####..       1%          2    None
c - Confuse               Hex            ######..     1%          3    None
d - Dazzling Spray        Conj/Hex       ####..       2%          3    None


Dungeon Overview and Level Annotations

Branches:
Dungeon (1/1)

Altars:
Cheibriados
Dithmenos
Elyvilon
Fedhas
Gozag
Hepliaklqana
Kikubaaqudgha
Makhleb
Nemelex Xobeh
Okawaru
Qazlal
Ru
Sif Muna
Trog
Uskayaw
Vehumet
Xom
Yredelemnul
Zin
The Shining One
Jiyva
Lugonu

Shops:
D =%[


Innate Abilities, Weirdness & Mutations

You are very small and have problems with some larger weapons.
You are too small for most types of armour.
You have supernaturally acute eyesight. (SInv)
You are a herbivore.
You cover ground extremely quickly.
You need consume almost no food.


Message History

You see here 12 sling bullets.
You open the door.
There is an open door here.
You enter the shallow water.
Moving in this stuff is going to be slow. 2 centaur warriors come into view.
The centaur warrior shouts! x2
The centaur warrior wields a shortbow.
The centaur warrior shoots an arrow.
The arrow hits you!
You hear a splash.
The centaur warrior wields a shortbow.
The centaur warrior shoots an arrow.
The arrow hits you!
You hear a splash.
Found 17 arrows and a centaur barding.
You see here 2 arrows.
Evoke which item? (* to show all) (? for menu, Esc to quit)
Okay, then.
You close the door.
The centaur warrior shoots an arrow.
The arrow hits you!
You die...
Your body glows slightly and disappears.

########################
.#.÷'..#.)'..#__#..+.).#
.'..#.)'..#..'..'..#...##+#
.#####'#####'#__####).s's.#
.####..#...#.####(§#####s.+
.#__####..##.#§§§.§# +##
.#_____##'#..+§§§c§+
⌠#_.∩..†'..._#§§@§c#
##_..__##_.#'##+####
#_____###'#.#((..###
##########.####'###)##
........'...'..†..'.∩#
#++++####.).##########
##.## #+#


You could see 2 centaur warriors.

Vanquished Creatures
  Sonja (D)
  A deep troll (D)
  2 kobold demonologists (D)
  A demonic crawler (D)
  A slime creature (D)
  Sigmund (D)
  A yak (D)
  A floating eye (D)
  An ogre (D)
  A jelly (D)
  Ijyb (D)
12 creatures vanquished.

Notes
Turn   | Place    | Note
-------+----------+-------------------------------------------
     0 | D        | dwjmeijer the Spriggan Enchanter began the quest for the Orb.
     0 | D        | Reached XP level 1. HP: 9/9 MP: 5/5
     2 | D        | Noticed Ijyb
    23 | D        | Killed Ijyb
    23 | D        | Reached skill level 6 in Stealth
    23 | D        | Reached skill level 5 in Hexes
    23 | D        | Reached XP level 2. HP: 3/13 MP: 5/8
   258 | D        | Learned a level 2 spell: Ensorcelled Hibernation
   259 | D        | Noticed an ogre
   261 | D        | Killed an ogre
   261 | D        | Reached skill level 9 in Stealth
   261 | D        | Reached XP level 3. HP: 16/16 MP: 9/12
   261 | D        | Reached XP level 4. HP: 21/21 MP: 9/13
   275 | D        | Learned a level 3 spell: Confuse
   279 | D        | Learned a level 3 spell: Dazzling Spray
   280 | D        | Noticed Sigmund
   282 | D        | Killed Sigmund
   282 | D        | Reached skill level 11 in Stealth
   282 | D        | Reached XP level 5. HP: 24/24 MP: 12/17
   294 | D        | Found a deep blue altar of Sif Muna.
   296 | D        | Found a radiant altar of Vehumet.
   300 | D        | Reached XP level 6. HP: 28/28 MP: 15/19
   310 | D        | Found Fiack's Food Emporium.
   310 | D        | Found an ancient bone altar of Kikubaaqudgha.
   310 | D        | Found a hazy altar of Hepliaklqana.
   310 | D        | Found a stormy altar of Qazlal.
   310 | D        | Found a hide-covered altar of Uskayaw.
   310 | D        | Found a blossoming altar of Fedhas.
   310 | D        | Found a bloodstained altar of Trog.
   310 | D        | Found an iron altar of Okawaru.
   310 | D        | Found a basalt altar of Yredelemnul.
   310 | D        | Found a glowing golden altar of the Shining One.
   310 | D        | Found a snail-covered altar of Cheibriados.
   310 | D        | Found a sacrificial altar of Ru.
   310 | D        | Found a glowing silver altar of Zin.
   310 | D        | Found a shadowy altar of Dithmenos.
   310 | D        | Found a white marble altar of Elyvilon.
   310 | D        | Noticed a yak
   311 | D        | Found an opulent altar of Gozag.
   312 | D        | Killed a yak
   312 | D        | Reached skill level 13 in Stealth
   312 | D        | Reached skill level 10 in Spellcasting
   312 | D        | Reached skill level 10 in Hexes
   313 | D        | Found a sparkling altar of Nemelex Xobeh.
   316 | D        | Became a worshipper of Nemelex Xobeh the Trickster
   324 | D        | Received a gift from Nemelex Xobeh
   346 | D        | Noticed Sonja
   350 | D        | Killed Sonja
   350 | D        | Reached skill level 15 in Stealth
   350 | D        | Reached skill level 5 in Invocations
   350 | D        | Reached XP level 7. HP: 32/32 MP: 21/21
   366 | D        | Found Ublaosocs's Jewellery Boutique.
   386 | D        | Noticed a deep troll
   390 | D        | Killed a deep troll
   390 | D        | Reached skill level 16 in Stealth
   390 | D        | Reached XP level 8. HP: 36/36 MP: 23/23
   413 | D        | Found Nacexip's Armour Emporium.
   422 | D        | Reached * piety under Nemelex Xobeh
   446 | D        | Found a burning altar of Makhleb.
   446 | D        | Found a viscous altar of Jiyva.
   446 | D        | Found a shimmering altar of Xom.
   446 | D        | Found a corrupted altar of Lugonu.
   446 | D        | Noticed a slime creature
   449 | D        | Killed a slime creature
   462 | D        | Noticed a kobold demonologist
   463 | D        | Noticed a kobold demonologist
   465 | D        | Killed a kobold demonologist
   465 | D        | Reached skill level 17 in Stealth
   466 | D        | Paralysed by a floating eye for 2 turns
   468 | D        | Killed a kobold demonologist
   468 | D        | Reached XP level 9. HP: 39/39 MP: 21/24
   476 | D        | Noticed a demonic crawler
   476 | D        | Noticed a demonic crawler
   476 | D        | Noticed a demonic crawler
   476 | D        | Noticed a demonic crawler
   478 | D        | Killed a demonic crawler
   478 | D        | Reached skill level 18 in Stealth
   563 | D        | Noticed a centaur warrior
   563 | D        | Noticed a centaur warrior
   564 | D        | Shot with an arrow by a centaur warrior

Skill      XL: |  1  2  3  4  5  6  7  8  9 |
---------------+----------------------------+-----
Stealth        | 6 9 11 15 16 17 18 | 18.0
Spellcasting   | 4 6 8 9 10 | 10.2
Hexes          | 5 7 9 12 13 14 | 14.6
Invocations    | 5 7 8 9 |  9.3
Short Blades   | |  1.1
Dodging        | |  3.0

Action                   |  1- 3 |  4- 6 |  7- 9 || total
-------------------------+-------+-------+-------++-------
Melee: Dagger            |    21 |     4 |     6 ||    31
 Cast: Ensorcelled Hiber |       |       |     2 ||     2
       Confuse           |       |       |     2 ||     2
  Use: Scroll            |       |       |     1 ||     1
 Stab: Sleeping          |     2 |     4 |     6 ||    12
Armor: Troll leather arm |       |       |     4 ||     4
Dodge: Dodged            |    14 |       |    10 ||    24
